Map: Cyber Forest LE

Players

SpeCial

  • Race: Terran Terran
  • Spawn Location: 11:00

Zest - Winner!

  • Race: Protoss Protoss
  • Spawn Location: 5:00

Event: IEM Season 13: Katowice (2019)

VOD

Have the link to the VOD?

Description

Time

  • Played on: Feb. 28, 2019, 8:02 a.m.
  • Length: 9:06

All games in this series

Show
View Real Time Build Order
Export as new Build Order

SpeCial Terran 

Build Orders: Reaper Expand 

Get SALT Encoding   

  12  0:00  SCV  
  13  0:12  SCV  
  14  0:17  Supply Depot  
  14  0:24  SCV  
  15  0:38  SCV  
  15  0:40  Barracks  
  16  0:43  Refinery  
  16  0:50  SCV  
  17  1:03  SCV  
  18  1:15  SCV  
  19  1:27  Reaper, Orbital Command  
  20  1:41  Command Center  
  20  1:53  SCV, Supply Depot  
  21  1:59  Marine  
  22  2:06  Factory  
  22  2:09  SCV  
  23  2:16  Refinery  
  23  2:17  Marine  
  23  2:21  SCV  
  25  2:33  SCV  
  26  2:37  Barracks Reactor  
  26  2:45  SCV  
  26  2:50  Factory Tech Lab  
  26  2:53  Orbital Command  
  26  2:55  Barracks  
  26  2:58  SCV  
  27  3:08  Cyclone  
  27  3:10  SCV  
  31  3:13  Marine  
  31  3:14  Marine  
  31  3:19  SCV  
  34  3:22  Starport  
  34  3:23  SCV  
  35  3:31  SCV, Marine  
  37  3:34  Supply Depot  
  37  3:36  SCV  
  37  3:39  Marine  
  39  3:43  SCV  
  39  3:45  Siege Tank  
  43  3:48  Barracks Tech Lab  
  43  3:49  Marine  
  43  3:51  SCV  
  45  3:58  SCV  
  45  4:00  Supply Depot  
  46  4:03  Marine  
  46  4:07  Marine  
  46  4:08  Marine  
  46  4:09  Stimpack  
  49  4:10  SCV  
  49  4:11  SCV  
  49  4:14  Barracks, Starport Reactor  
  51  4:22  SCV, Marine  
  53  4:25  Supply Depot, Marine  
  53  4:26  Marine  
  54  4:35  Siege Tank  
  54  4:43  Marine x2  
  55  4:46  SCV  
  55  4:50  SCV  
  57  4:58  SCV  
  58  5:00  Marine  
  58  5:01  Marine  
  58  5:03  SCV  
  58  5:05  Marine  
  62  5:09  Factory Tech Lab  
  62  5:16  Supply Depot x2  
  62  5:17  SCV x2  
  62  5:19  Marine  
  62  5:21  Marine  
  64  5:29  SCV x2  
  64  5:31  Engineering Bay, Refinery, Marine  
  64  5:33  Starport Reactor  
  67  5:37  Marine  
  67  5:41  SCV x2, Supply Depot  
  70  5:54  Siege Tank, SCV x2  
  74  5:58  Terran Infantry Weapons Level 1  
  74  6:03  Missile Turret, Marine x2  
  76  6:05  Marine  
  76  6:09  Marine x2  
  79  6:16  Medivac  
  79  6:17  Medivac  
  82  6:22  Marine  
  82  6:23  Supply Depot, Marine  
  84  6:27  Combat Shield  
  84  6:29  SCV x2  
  86  6:37  Marine x2  
  86  6:38  Marine  
  85  6:40  Marine x2  
  85  6:44  Siege Tank  
  90  6:48  Supply Depot  
  89  6:54  Marine x2  
  89  6:55  Marine  
  89  6:58  Marine x2  
  90  7:03  Medivac x2  
  94  7:10  SCV  
  94  7:12  Marine x2  
  94  7:13  Marine, Supply Depot  
  98  7:16  Marine x2  
  98  7:19  Siege Tank  
  103  7:30  Marine x2  
  103  7:31  Marine  
  103  7:34  Marine x2  
  108  7:38  Medivac  
  108  7:48  Marine x2  
  108  7:49  Marine  
  111  7:51  Marine  
  111  7:52  Marine  
  111  7:56  Siege Tank  
  116  8:05  Engineering Bay  
  116  8:06  Marine x2  
  118  8:13  Marine  
  118  8:16  Marine  
  118  8:19  Marine  
  118  8:23  Marine  
  118  8:24  Marine  
  90  8:31  Marine  
  90  8:34  Marine  
  65  8:37  Marine  
  51  8:41  Marine x2  
Show
View Real Time Build Order
Export as new Build Order

Zest Protoss - Winner!

Build Orders: 1 Gate Expand, Zealot Archon 

Get SALT Encoding   

  12  0:00  Probe  
  13  0:12  Probe  
  14  0:17  Pylon  
  14  0:24  Probe  
  15  0:32  Probe  
  15  0:38  Gateway  
  15  0:40  Probe  
  16  0:47  Assimilator  
  17  0:51  Probe  
  18  1:03  Probe  
  19  1:15  Probe  
  20  1:24  Cybernetics Core  
  20  1:33  Nexus  
  20  1:36  Probe  
  21  1:43  Pylon  
  21  1:48  Probe  
  21  1:51  Adept, Assimilator  
  22  2:02  Warp Gate  
  22  2:04  Probe  
  25  2:11  Stalker  
  25  2:16  Probe  
  28  2:28  Probe  
  29  2:35  Robotics Facility  
  29  2:36  Stalker  
  29  2:40  Probe  
  33  3:00  Gateway x2  
  33  3:04  Stalker  
  31  3:08  Probe  
  31  3:10  Probe  
  35  3:14  Warp Prism  
  35  3:20  Probe  
  38  3:31  Probe, Pylon  
  39  3:35  Probe  
  40  3:43  Observer  
  42  3:54  Zealot x3  
  47  3:56  Probe  
  47  3:58  Pylon  
  48  4:03  Pylon  
  48  4:04  Probe  
  49  4:22  Stalker  
  49  4:23  Stalker x2  
  52  4:45  Zealot  
  52  4:46  Zealot x2  
  52  4:51  Probe x2  
  58  4:54  Twilight Council  
  58  4:55  Forge  
  58  4:58  Observer  
  59  5:04  Probe  
  60  5:07  Stalker x2  
  60  5:08  Stalker  
  60  5:11  Charge  
  60  5:12  Protoss Ground Armor Level 1  
  66  5:24  Probe x2  
  66  5:35  Gateway  
  66  5:37  Gateway  
  66  5:41  Probe  
  66  5:42  Probe  
  68  5:43  Gateway  
  68  5:47  Assimilator  
  68  5:48  Assimilator  
  68  5:58  Probe x2  
  68  5:59  Templar Archives  
  68  6:00  Pylon  
  70  6:08  Pylon  
  70  6:14  Pylon  
  72  6:18  Pylon, Probe x2  
  72  6:23  Sentry  
  74  6:28  Pylon  
  74  6:30  Probe x2  
  76  6:38  High Templar  
  78  6:42  Nexus  
  78  6:45  Zealot, High Templar  
  78  6:46  Zealot  
  84  6:50  Zealot, Archon  
  86  7:05  Protoss Ground Weapons Level 1  
  86  7:07  Zealot x3  
  92  7:09  Probe x2  
  92  7:12  Pylon, Observer  
  92  7:13  High Templar x2  
  98  7:18  Archon  
  98  7:19  Pylon  
  98  7:30  Zealot x4  
  98  7:37  Observer  
  106  7:51  High Templar x2  
  106  7:52  Zealot x4  
  106  7:55  Archon  
  118  8:12  Zealot  
  118  8:13  Zealot x3  
  96  8:28  Zealot x2, Warp Prism  
  96  8:34  Zealot x4  
  90  8:38  High Templar x2  
  90  8:39  Zealot x2  
  78  8:45  Archon  
  78  8:50  Gateway  
  78  8:51  Gateway, Zealot x2  
  81  8:59  High Templar x2  
  81  9:01  Pylon  

Tags
 
Add a new tag
Caveats
  • Supply blocks, unpowered buildings, or Contaminate may cause inaccurate times.
  • Supply counts are checked every 10 seconds.